 Dungeon Crawl Stone Soup version 0.29-a0-284-gf9362112df (webtiles) character file.

Game seed: 14514164803073694226

819 snetch the Magician (level 8, 0/52 HPs)
             Began as a Djinni Fire Elementalist on Apr 1, 2022.
             Was a Follower of the Shining One.
             Slain by Duvessa
             ... wielding a +0 short sword
              (17 damage)
             ... on level 4 of the Dungeon.
             The game lasted 00:15:48 (4693 turns).

snetch the Magician (Djinni Fire Elementalist)      Turns: 4693, Time: 00:15:50

Health: 0/52       AC:  9    Str:  7    XL:     8   Next: 16%
Gold:   231        EV: 10    Int: 19    God:    the Shining One [*.....] SH:  0 Dex: 14

rFire   + + .      SeeInvis .   a - +5 spear of the Teaching Genius {vorpal, Fly Will++}
rCold   x . .      Faith    .   (no shield)
rNeg    . . .      Spirit   .   A - +1 ring mail
rPois   ∞          Reflect  .   B - +1 hat
rElec   .          Harm     .   n - +1 cloak {rCorr}
rCorr   +          Rampage  .   (no gloves)
Will    ++...                   (boots unavailable)
Stlth   +.........              (no amulet)
HPRegen 0.17/turn               (no ring)
MPRegen 0.00/turn               (no ring)

@: flying, glowing
A: sickness immunity, fire resistance 2, cold vulnerability 1, float, innate
caster, HP casting, extra vitality 1
a: Renounce Religion, Divine Shield


You were on level 4 of the Dungeon.
You worshipped the Shining One.
The Shining One was aware of your devotion.
You visited 1 branch of the dungeon, and saw 7 of its levels.

You collected 231 gold pieces.

Inventory:

Hand Weapons
 a - the +5 spear of the Teaching Genius (weapon) {vorpal, Fly Will++}
   (You took it off an orc on level 3 of the Dungeon)

   It inflicts extra damage upon your enemies.
   Fly:       It grants you flight.
   Will:      It greatly increases your willpower.
 b - a +0 falchion of flaming
 h - a +4 quarterstaff of chaos
 m - a +0 hand axe
 s - a +0 flail
 z - a +2 antimagic short sword
Missiles
 e - 4 atropa-tipped darts
 l - 29 stones
 v - a boomerang
Armour
 g - a +0 chain mail
 n - a +1 cloak of preservation (worn)
 u - a +0 scale mail
 A - a +1 ring mail (worn)
 B - a +1 hat (worn)
Wands
 c - a wand of polymorph (9)
Scrolls
 d - a scroll of immolation {unknown}
 i - a scroll of vulnerability {unknown}
 k - 2 scrolls of enchant weapon {unknown}
 o - a scroll of teleportation {unknown}
 p - 2 scrolls of identify {unknown}
 w - a scroll of amnesia {unknown}
 x - a scroll of silence {unknown}
Potions
 f - 2 potions of curing
 j - a potion of ambrosia {unknown}
 q - 2 potions of brilliance {unknown}


   Skills:
 + Level 1.1 Fighting
 - Level 0.9 Long Blades
 + Level 2.1 Armour
 + Level 3.8 Dodging
 - Level 2.8 Stealth
 + Level 5.7 Spellcasting


You couldn't memorise any spells.
You knew the following spells:

 Your Spells              Type           Power      Damage    Failure   Level
a - Foxfire               Conj/Fire      100%       2x1d9     3%          1
b - Scorch                Fire           54%        2d8       5%          2
c - Conjure Flame         Conj/Fire      27%        6-21      11%         3
d - Inner Flame           Hex/Fire       27%        N/A       11%         3
e - Flame Wave            Conj/Fire      27%        2d7       34%         4
f - Shock                 Conj/Air       100%       1d9       3%          1
g - Ensorcelled Hibernat  Hex/Ice        54%        N/A       5%          2
h - Vampiric Draining     Necr           27%        2d7       11%         3
Your spell library was empty.

Dungeon Overview and Level Annotations

Branches:
Dungeon (7/15)
 Temple: D:4-7

Altars:
Dithmenos
Elyvilon
The Shining One
Beogh

Annotations:
D:4 Blork the orc, Duvessa


Innate Abilities, Weirdness & Mutations

You are immune to sickness and miasma.
You are immune to poison.
Your flesh is very heat resistant. (rF++)
You are vulnerable to cold. (rC-)
You float through the air rather than walking.
You learn spells naturally, not from books.
Your magical power is your life essence.
You have superior vitality. (+4 MHP)


Message History

The hound's fire resistance burns away.
You hear a shout! x2
Dowan, Brother of Duvessa comes into view.
He is wielding a +0 dagger.
Casting: Scorch (safe; 6% risk of failure)
Confirm with . or Enter, or press ? or * to list all spells.
Flames lash the hound.
The hound is burned terribly!
You kill the hound!
Duvessa, Sister of Dowan comes into view.
She is wielding a +0 short sword.
Casting: Scorch (safe; 5% risk of failure)
Confirm with . or Enter, or press ? or * to list all spells.
Flames lash Dowan.
Dowan is moderately wounded.
Dowan's fire resistance burns away.
Casting: Scorch (safe; 5% risk of failure)
Confirm with . or Enter, or press ? or * to list all spells.
Flames lash Dowan.
Dowan is burned terribly!
You kill Dowan!
Duvessa weeps, and shakes her weapon.
Duvessa goes berserk!
Duvessa rages.
Casting: Scorch (safe; 5% risk of failure)
Confirm with . or Enter, or press ? or * to list all spells.
Flames lash Duvessa.
Duvessa is lightly wounded.
Duvessa's fire resistance burns away.
Blork the orc comes into view.
He is wielding a +0 scimitar and wearing a +1 robe of fire resistance.
Duvessa hits you with a +0 short sword!
Okay, then.
Casting: Scorch (safe; 5% risk of failure)
Confirm with . or Enter, or press ? or * to list all spells.
Flames lash Duvessa.
Duvessa is burned terribly!
Duvessa is moderately wounded.
Duvessa hits you but does no damage.
Casting: Scorch (safe; 5% risk of failure)
Confirm with . or Enter, or press ? or * to list all spells.
Flames lash Blork the orc.
Blork the orc resists.
Blork the orc is lightly wounded.
Blork the orc's fire resistance burns away.
Duvessa hits you with a +0 short sword. Duvessa hits you with a +0 short sword!
You die...

. #. . ...
#.# #.# # #$.
.# # #.# ..
#.##.##.#####
#.o..@e)....#
####.######.#
####.#
##....#
###.###.#
#...# #.#
#.#.###.#
#.#.....#
#.#.###.#


You could see Duvessa (berserk, combustible) and Blork the orc (combustible).

Vanquished Creatures
  Grinder (D:3)
  Eustachio (D:4)
  The ghost of yunder69 the Chopper, an amateur MiBe of Trog (D:3)
  A scorpion (D:4)
  Dowan (D:4)
  Crazy Yiuf (D:3)
  A hound (D:4)
  An orc priest (D:3)
  Jessica (D:3)
  Natasha (thrice) (D:3)
  Robin (D:3)
  2 adders
  2 worms (D:2)
  2 dart slugs
  13 orcs
  7 bats
  5 endoplasms
  A giant cockroach (D:2)
  13 goblins
  7 hobgoblins
  3 kobolds
  9 ball pythons
  5 frilled lizards
  3 rats
85 creatures vanquished.

Vanquished Creatures (others)
  A goblin (D:3)
  142 foxfires
  4 fungi (D:3)
147 creatures vanquished.

Grand Total: 232 creatures vanquished

Notes
Turn   | Place    | Note
-------+----------+-------------------------------------------
     0 | D:1      | snetch the Djinni Fire Elementalist began the quest for the
                  | Orb.
     0 | D:1      | Reached XP level 1. HP: 15/15 MP: 0/0
   213 | D:1      | Reached XP level 2. HP: 13/21 MP: 0/0
   348 | D:2      | Found a shadowy altar of Dithmenos.
   586 | D:3      | Reached XP level 3. HP: 24/25 MP: 0/0
   586 | D:3      | Learned a level 1 spell: Shock
   614 | D:1      | Reached skill level 3 in Spellcasting
  1606 | D:3      | Noticed Natasha
  1611 | D:3      | Killed Natasha
  1612 | D:3      | Reached XP level 4. HP: 20/31 MP: 0/0
  1791 | D:5      | Entered Level 5 of the Dungeon
  1826 | D:7      | Noticed a wight
  1826 | D:7      | Noticed a wight
  1826 | D:7      | Noticed a wight
  1826 | D:7      | Noticed a wight
  1951 | D:3      | Noticed Natasha
  1952 | D:3      | Noticed Jessica
  1958 | D:3      | Killed Natasha
  1959 | D:3      | Reached XP level 5. HP: 24/35 MP: 0/0
  1959 | D:3      | Learned a level 2 spell: Ensorcelled Hibernation
  1959 | D:3      | Killed Jessica
  2155 | D:4      | Noticed Eustachio
  2335 | D:3      | Reached XP level 6. HP: 38/41 MP: 0/0
  2341 | D:3      | Reached skill level 4 in Spellcasting
  2514 | D:3      | Found a faded altar of an unknown god.
  2528 | D:3      | Prayed at the altar of an unknown god.
  2528 | D:3      | Became a worshipper of the Shining One
  2528 | D:3      | Reached * piety under the Shining One
  2566 | D:3      | Noticed Natasha
  2570 | D:3      | Killed Natasha
  2610 | D:3      | Found a white marble altar of Elyvilon.
  2634 | D:3      | Found a runed translucent gate.
  2635 | D:3      | Found a runed translucent gate.
  2635 | D:3      | Noticed yunder69's ghost (amateur MiBe)
  2636 | D:3      | Found a runed translucent gate.
  2636 | D:3      | Identified the +5 spear of the Teaching Genius {vorpal, Fly
                  | Will++}
  2730 | D:3      | Noticed Grinder
  2740 | D:3      | Killed Grinder
  2741 | D:3      | Reached XP level 7. HP: 5/46 MP: 0/0
  2741 | D:3      | Learned a level 3 spell: Vampiric Draining
  3117 | D:3      | Found a runed translucent door.
  3118 | D:3      | Noticed Crazy Yiuf
  3132 | D:3      | HP: 2/46 [Crazy Yiuf/+4 quarterstaff of chaos (7)]
  3135 | D:3      | Killed Crazy Yiuf
  3136 | D:3      | Reached skill level 1 in Fighting
  4113 | D:3      | Noticed Robin
  4119 | D:3      | Killed Robin
  4120 | D:3      | Reached skill level 1 in Armour
  4309 | D:3      | Killed yunder69's ghost
  4310 | D:3      | Reached skill level 5 in Spellcasting
  4616 | D:4      | Killed Eustachio
  4617 | D:4      | Reached XP level 8. HP: 41/52 MP: 0/0
  4686 | D:4      | Noticed Dowan
  4687 | D:4      | Noticed Duvessa
  4690 | D:4      | Killed Dowan
  4691 | D:4      | Noticed Blork the orc
  4693 | D:4      | Slain by Duvessa

Illustrated notes

Levels and vault maps discovered:
D:1:      lightli_arrival_lavapool, layout_loops_cross
D:2:      layout_basic, basic_altar
D:3:      layout_loops_ring, elyvilon_altar_4,
          hellmonk_ecumenical_altar_slurped_away, biasface_ghost_orc_armoury,
          uniq_natasha, uniq_grinder, uniq_jessica, uniq_crazy_yiuf_cottage,
          uniq_robin
D:4:      layout_loops_cross, regret_index_temple_of_mockery,
          minmay_temple_entry_antechambers, uniq_eustachio, uniq_blork_the_orc,
          uniq_duvessa, uniq_sigmund
D:5:      layout_cave_pools, hangedman_abyss_or_decor_passed,
          hangedman_abyss_or_decor_stagger
D:6:      layout_gridville, grunt_temple_overflow_octagram, vehumet_statue,
          uniq_menkaure, uniq_maggie
D:7:      layout_rooms, uniq_joseph

Skill      XL: |  1  2  3  4  5  6  7 |
---------------+----------------------+-----
Spellcasting   | 3 4 5 |  5.7
Stealth        | 2 |  2.8
Dodging        | 3 |  3.8
Fighting       | 1 |  1.1
Armour         | 2 |  2.1
Long Blades    | |  0.9

Action                   |  1- 3 |  4- 6 |  7- 9 || total
-------------------------+-------+-------+-------++-------
Melee: Unarmed           |    31 |       |       ||    31
       Dagger            |     2 |       |       ||     2
       Short sword       |    29 |    11 |       ||    40
       Falchion          |       |     7 |    18 ||    25
 Cast: Foxfire           |    37 |    34 |    19 ||    90
       Scorch            |     1 |    15 |    35 ||    51
 Stab: Sleeping          |     2 |       |       ||     2
Armor: Robe              |    19 |     5 |       ||    24
       Leather armour    |       |     1 |    13 ||    14
       Ring mail         |       |       |     2 ||     2
Dodge: Dodged            |    62 |    22 |    15 ||    99

Table legend: (Time is in decaauts)
 A = Elapsed time spent in this place.
 B = Non-inter-level travel time spent in this place.
 C = Inter-level travel time spent in this place.
 D = Time resting spent in this place.
 E = Time spent auto-exploring this place.
 F = Levels seen in this place.
 G = Mean time per level.
                   A        B        C        D        E       F      G
               +--------+--------+--------+--------+--------+-----+--------+
         Total |   4705 |   4545 |    160 |    161 |   3346 |   7 |  672.1 |
       Dungeon |   4705 |   4545 |    160 |    161 |   3346 |   7 |  672.1 |
               +--------+--------+--------+--------+--------+-----+--------+

Top non-repeatable levels by time:
     D:3: 2376 daAuts
     D:1: 1283 daAuts
     D:2: 846 daAuts
     D:4: 149 daAuts
     D:5: 35 daAuts
     D:6: 13 daAuts
     D:7: 1 daAuts
